 Dungeon Crawl Stone Soup version 0.22.1-2-g9c5b331383 (webtiles) character file.

172 Knicklaso the Digger (level 5, -8/29 HPs)
             Began as a Gargoyle Earth Elementalist on Dec 10, 2018.
             Was an Initiate of Vehumet.
             Killed from afar by Dowan (12 damage)
             ... with a puff of flame
             ... on level 6 of the Dungeon.
             The game lasted 00:04:43 (2690 turns).

Knicklaso the Digger (Gargoyle Earth Elementalist)  Turns: 2690, Time: 00:04:44

Health: -8/29      AC: 10    Str:  9 (12) XL:     5   Next: 53%
Magic:  9/9        EV: 10    Int: 15 (16) God:    Vehumet [......]
Gold:   147        SH:  0    Dex:  7 (10) Spells: 8/9 levels left

rFire    . . .     SeeInvis .   h - +3 mace (protect)
rCold    . . .     Gourm    .   (no shield)
rNeg     + . .     Faith    .   k - +0 ring mail
rPois    ∞         Spirit   .   (no helmet)
rElec    +         Reflect  .   (no cloak)
rCorr    .         Harm     .   a - +0 pair of gloves
MR       .....                  (no boots)
Stlth    +.........             (no amulet)
HPRegen  0.09/turn              (no ring)
MPRegen  0.11/turn              (no ring)

@: flying
A: negative energy resistance 1, electricity resistance, unbreathing,
petrification resistance, rot immunity, AC +4
a: Renounce Religion


You were on level 6 of the Dungeon.
You worshipped Vehumet.
Vehumet was noncommittal.
You were not hungry.

You visited 1 branch of the dungeon, and saw 4 of its levels.

You collected 147 gold pieces.

Inventory:

Hand Weapons
 h - a +3 mace of protection (weapon)
Missiles
 b - 118 stones (quivered)
Armour
 a - a +0 pair of gloves (worn)
 k - a +0 ring mail (worn)
Scrolls
 c - 2 scrolls of remove curse {unknown}
 e - 4 scrolls of teleportation {unknown}
 j - a scroll of noise {unknown}
 m - a scroll of enchant weapon {unknown}
 p - 3 scrolls of amnesia {unknown}
Potions
 i - a potion of curing {unknown}
 l - a potion of brilliance {unknown}
 o - a potion of flight
Comestibles
 d - 5 rations
 n - 12 chunks of flesh


   Skills:
 + Level 1.5 Fighting
 * Level 2.1 Maces & Flails
 + Level 1.8 Armour
 - Level 2.0 Dodging
 - Level 2.1 Stealth
 + Level 2.6 Spellcasting
   Level 0.7 Transmutations
 * Level 4.9 Earth Magic


You had 8 spell levels left.
You knew the following spells:

 Your Spells              Type           Power        Failure   Level  Hunger
a - Sandblast             Erth           ###...       8%          1    #......

Your spell library contained the following spells:

 Spells                   Type           Power        Failure   Level  Hunger
 Passwall                 Tmut/Erth      ##......     26%         2    ##.....
 Stone Arrow              Conj/Erth      #.....       52%         3    ###....
 Petrify                  Tmut/Erth      ##......     86%         4    #####..
 Lee's Rapid Deconstruct  Erth           ###.......   90%         5    ######.


Dungeon Overview and Level Annotations

Branches:
Dungeon (3/15)

Altars:
Cheibriados
Fedhas
Makhleb
Qazlal
Ru
Sif Muna
Vehumet
Wu Jian
Xom

Annotations:
D:6 Dowan, Duvessa


Innate Abilities, Weirdness & Mutations

You are resistant to torment.
Your stone body is resilient. (AC +4)
You are immune to poison.
You resist negative energy. (rN+)
You are resistant to electric shocks. (rElec)
You can survive without breathing.
You are immune to petrification.
You are immune to rotting.


Message History

Aim: a bullfrog (severely wounded)
The blast of sand hits the bullfrog.
You kill the bullfrog!
Vehumet accepts your kill.
Your Maces & Flails skill increases to level 2!
You have reached level 5!
b - 118 stones It was a potion of flight.
You feel very buoyant.
You fly up into the air.
The phantom hits you but does no damage.
It was a potion of magic.
Magic courses through your body.
Dowan gestures wildly while chanting.
Dowan blinks!
The phantom closely misses you.
It was a potion of degeneration.
There was something very wrong with that liquid.
You feel weakened.
You feel dopey.
You feel clumsy.
Dowan points at you and mumbles some strange words.
The puff of flame hits you!
You die...

#§§§§§8§§§§.#
#§§§§###§§§.#
#§§§§#_#§§§.#
#§§§§#.#§§§.#
#§§§§#.#§§..#
#§§§§#.#....#
######.#######
#......e.#.#
#.......@#.##
########.W..#
###.?# ##.#
#.....#
.§.......
##..#..###
#.......
#..#.....


You could see a phantom and Dowan.

Vanquished Creatures
  A bullfrog (D:6)
  3 gnolls (D:1)
  An adder (D:2)
  A dart slug (D:1)
  7 orcs (D:3)
  4 bats
  2 giant cockroaches (D:2)
  5 goblins
  9 hobgoblins
  7 jackals
  7 kobolds
  3 ball pythons (D:1)
  2 frilled lizards (D:1)
  4 rats (D:1)
56 creatures vanquished.

Notes
Turn   | Place    | Note
-------+----------+-------------------------------------------
     0 | D:1      | Knicklaso the Gargoyle Earth Elementalist began the quest
                  | for the Orb.
     0 | D:1      | Reached XP level 1. HP: 10/10 MP: 3/3
    20 | D:1      | Noticed an electric eel
   139 | D:1      | Reached XP level 2. HP: 14/16 MP: 5/5
   198 | D:1      | Reached skill level 4 in Earth Magic
   544 | D:1      | Reached XP level 3. HP: 20/20 MP: 6/6
  1747 | D:2      | Reached skill level 1 in Maces & Flails
  1768 | D:2      | Reached skill level 1 in Armour
  2020 | D:2      | Reached XP level 4. HP: 12/24 MP: 7/7
  2282 | D:1      | Reached skill level 1 in Fighting
  2560 | D:3      | Found a deep blue altar of Sif Muna.
  2580 | D:3      | Found a burning altar of Makhleb.
  2586 | D:3      | Found a blossoming altar of Fedhas.
  2586 | D:3      | Found an ornate altar of the Wu Jian Council.
  2586 | D:3      | Found a sacrificial altar of Ru.
  2588 | D:3      | Found a radiant altar of Vehumet.
  2590 | D:3      | Found a shimmering altar of Xom.
  2592 | D:3      | Found a snail-covered altar of Cheibriados.
  2595 | D:3      | Became a worshipper of Vehumet
  2664 | D:3      | You fall through a shaft for 3 floors!
  2664 | D:6      | Found a stormy altar of Qazlal.
  2665 | D:6      | Noticed Dowan
  2673 | D:6      | Noticed a phantom
  2673 | D:6      | Noticed a bullfrog
  2673 | D:6      | Noticed Duvessa
  2687 | D:6      | Killed a bullfrog
  2687 | D:6      | Reached XP level 5. HP: 4/29 MP: 4/9
  2690 | D:6      | Killed from afar by Dowan

Skill      XL: |  1  2  3  4 |
---------------+-------------+-----
Earth Magic    | 4 |  4.9
Maces & Flails | 1 2 |  2.1
Armour         | 1 |  1.8
Dodging        | 2 |  2.0
Fighting       | 1 |  1.5
Stealth        | |  2.1
Spellcasting   | |  2.6
Transmutations | |  0.7

Action                   |  1- 3 |  4- 6 || total
-------------------------+-------+-------++-------
Melee: Mace              |   110 |    41 ||   151
       Unarmed           |     2 |       ||     2
 Cast: Sandblast         |       |     4 ||     4
  Use: Potion            |       |     3 ||     3
 Stab: Distracted        |     1 |       ||     1
  Eat: Chunk             |     3 |     3 ||     6
Armor: Robe              |    22 |       ||    22
       Ring mail         |    53 |    29 ||    82
Dodge: Dodged            |    89 |    31 ||   120
